 Dungeon Crawl Stone Soup version 0.28.0-45-g0d030f2227 (webtiles) character file.

Game seed: 15265355002964468680

2676 L33tCrusader the Cleaver (level 9, -2/79 HPs)
             Began as a Minotaur Berserker on Apr 13, 2022.
             Was a Priest of Trog.
             Shot with an arrow by a centaur warrior (5 damage)
             ... on level 8 of the Dungeon.
             The game lasted 00:21:14 (6254 turns).

L33tCrusader the Cleaver (Minotaur Berserker)       Turns: 6254, Time: 00:21:14

Health: -2/79      AC: 15    Str: 26    XL:     9   Next: 37%
Magic:  8/8        EV: 11    Int:  4    God:    Trog [***...]
Gold:   359        SH:  0    Dex: 10    Spells: 8/8 levels left

rFire   . . .      SeeInvis .   r - +1 executioner's axe (vorpal)
rCold   . . .      Faith    .   (shield currently unavailable)
rNeg    . . .      Spirit   .   h - +0 chain mail
rPois   .          Reflect  .   (helmet restricted)
rElec   .          Harm     .   b - +0 cloak
rCorr   .          Rampage  .   (no gloves)
Will    +....                   t - +2 pair of boots
Stlth   ..........              (no amulet)
HPRegen 0.23/turn               s - ring of willpower
MPRegen 0.11/turn               (no ring)

@: studying Axes
A: horns 2, retaliatory headbutt
a: Renounce Religion, Berserk, Trog's Hand


You were on level 8 of the Dungeon.
You worshipped Trog.
Trog was most pleased with you.
You visited 2 branches of the dungeon, and saw 9 of its levels.

You collected 359 gold pieces.

Inventory:

Hand Weapons
 a - a +0 hand axe
 c - a +0 hunting sling
 r - a +1 vorpal executioner's axe (weapon)
Missiles
 k - 130 stones (quivered)
Armour
 b - a +0 cloak (worn)
 f - a scarf of invisibility
 h - a +0 chain mail (worn)
 j - a +0 scale mail
 p - a +0 pair of boots
 t - a +2 pair of boots (worn)
 B - a +0 barding
Jewellery
 o - a ring of willpower
 q - a ring of positive energy
 s - a ring of willpower (left hand)
 y - an amulet of reflection
 C - a ring of protection from cold
Wands
 w - a wand of iceblast (11)
Scrolls
 g - a scroll of vulnerability {unknown}
 u - a scroll of identify
 D - 5 scrolls of teleportation
Potions
 d - 4 potions of lignification
 e - a potion of resistance
 i - 4 potions of curing
 l - a potion of attraction
 m - a potion of invisibility {unknown}
 n - a potion of might {unknown}
 v - a potion of brilliance {unknown}
 x - a potion of degeneration {unknown}
 z - a potion of cancellation {unknown}
 A - a potion of magic {unknown}


   Skills:
 + Level 7.1 Fighting
 * Level 12.2 Axes
 * Level 8.7 Armour
 * Level 7.3 Dodging


You had 8 spell levels left.
You didn't know any spells.
Your spell library contained the following spells:

 Spells                   Type           Power      Damage    Failure   Level
 Ensorcelled Hibernation  Hex/Ice        0%         N/A       99%         2
 Passwall                 Tmut/Erth      0%         N/A       99%         2
 Swiftness                Air            0%         N/A       100%        3


Dungeon Overview and Level Annotations

Branches:
Dungeon (8/15)             Temple (1/1) D:5
   Lair: D:8-11

Altars:
Ashenzari
Dithmenos
Elyvilon
Fedhas
Gozag
Kikubaaqudgha
Makhleb
Nemelex Xobeh
Okawaru
Qazlal
Ru
Sif Muna
Uskayaw
Vehumet
Xom
Yredelemnul
Zin
The Shining One
Beogh
Jiyva

Annotations:
D:6 3 runed translucent doors, CryoSword's ghost, novice TrMo


Innate Abilities, Weirdness & Mutations

You have a pair of horns on your head.
You reflexively headbutt those who attack you in melee.


Message History

You furiously retaliate!
You headbutt the orc!
You kill the orc!
Trog accepts your kill.
You slash something! Trog accepts your kill.
Trog appreciates your killing of a magic user.
Reactivating autopickup.
You feel a bit more experienced.
Things that are here:
a +0 dagger; a +0 robe; an orc corpse Calm down first, please.
You feel a strong urge to attack something.
Items here: )) [[ †.
You feel your anger nearly subside.
You are no longer berserk.
You are exhausted.
You feel yourself slow down.
You start resting.
You feel yourself speed up.
You start resting.
You hear the faint creaking of a very distant portcullis.
You start resting.
You recover from your berserk rage.
You start resting.
HP restored.
A centaur warrior comes into view.
The centaur warrior shouts!
The centaur warrior wields a +0 shortbow.
The centaur warrior shoots an arrow.
The arrow hits you!
The centaur warrior shoots an arrow.
The arrow hits you!
The centaur warrior shoots an arrow.
The arrow hits you!!
The centaur warrior shoots an arrow.
The arrow hits you!
The centaur warrior shoots an arrow.
The arrow barely misses you.
The centaur warrior shoots an arrow.
The arrow barely misses you.
The centaur warrior shoots an arrow.
The arrow hits you!
* * * LOW HITPOINT WARNING * * *
The centaur warrior shoots an arrow.
The arrow barely misses you.
The centaur warrior shoots an arrow.
The arrow hits you!
* * * LOW HITPOINT WARNING * * *
The centaur warrior shoots an arrow.
The arrow hits you.
You die...

#.#######
###
#.....@.#
#####..
#######.#
#......
#.#
#.###..
#.# #.#
### #.#
#.# #.#
#.# #.#
#.#
###c##
#.# #
##.#..##
###.#.###


You could see a centaur warrior.

Vanquished Creatures
  A komodo dragon (D:7)
  5 yaks (D:7)
  An orc warrior (D:8)
  2 ice beasts (D:6)
  2 black bears (D:4)
  2 ogres
  2 bullfrogs (D:7)
  A wyvern zombie (D:7)
  A scorpion (D:4)
  A water moccasin skeleton (D:5)
  4 howler monkeys
  A jelly (D:5)
  3 hounds
  3 orc priests
  Natasha (twice) (D:4)
  5 iguanas
  2 orc wizards
  2 hound skeletons (D:5)
  A howler monkey zombie (D:6)
  A howler monkey skeleton (D:6)
  4 adders
  A shadow imp (D:7)
  3 white imps
  2 ufetubi (D:7)
  25 orcs
  6 ball pythons (D:3)
  4 endoplasms
  10 goblins
  8 hobgoblins
  2 jackals (D:4)
  2 quokkas
  6 bats
  2 frilled lizards
  5 kobolds
  7 rats
129 creatures vanquished.

Notes
Turn   | Place    | Note
-------+----------+-------------------------------------------
     0 | D:1      | L33tCrusader the Minotaur Berserker began the quest for the
                  | Orb.
     0 | D:1      | Reached XP level 1. HP: 19/19 MP: 0/0
   546 | D:1      | Reached XP level 2. HP: 27/27 MP: 1/1
   764 | D:1      | Found a faded altar of an unknown god.
   764 | D:1      | Noticed an Ice Fiend
  1109 | D:2      | Reached skill level 4 in Axes
  1228 | D:2      | Identified a scroll of acquirement
  1228 | D:2      | Acquired a manual of Axes
  1439 | D:2      | Reached XP level 3. HP: 28/33 MP: 2/2
  1527 | D:2      | Reached ** piety under Trog
  1832 | D:3      | Acquired a +1 vorpal executioner's axe
  2037 | D:3      | Reached XP level 4. HP: 36/40 MP: 3/3
  2115 | D:3      | Found a sparkling altar of Nemelex Xobeh.
  2250 | D:4      | Reached skill level 5 in Axes
  2473 | D:4      | Noticed a scorpion
  2481 | D:4      | Killed a scorpion
  2482 | D:4      | Reached XP level 5. HP: 47/47 MP: 4/4
  2507 | D:4      | Noticed a black bear
  2512 | D:4      | Killed a black bear
  2513 | D:4      | Reached skill level 6 in Axes
  2654 | D:4      | Noticed a black bear
  2662 | D:4      | Killed a black bear
  2663 | D:4      | Reached skill level 7 in Axes
  2663 | D:4      | Reached XP level 6. HP: 55/55 MP: 5/5
  2666 | D:4      | Reached skill level 5 in Armour
  2706 | D:4      | Reached skill level 5 in Fighting
  2774 | D:4      | Found a stormy altar of Qazlal.
  2778 | D:4      | Found a basalt altar of Yredelemnul.
  2785 | D:4      | Found a glowing golden altar of the Shining One.
  2785 | D:4      | Found a shimmering altar of Xom.
  2795 | D:4      | Found a blossoming altar of Fedhas.
  2889 | D:4      | Found a shadowy altar of Dithmenos.
  2910 | D:4      | Noticed Natasha
  2913 | D:4      | Killed Natasha
  3064 | D:4      | Noticed Natasha
  3070 | D:4      | Killed Natasha
  3149 | D:4      | Reached skill level 8 in Axes
  3149 | D:4      | Reached XP level 7. HP: 24/61 MP: 6/6
  3389 | D:5      | Entered Level 5 of the Dungeon
  3420 | D:5      | Found a shimmering altar of Xom.
  3607 | D:5      | Found a staircase to the Ecumenical Temple.
  3704 | D:5      | Reached *** piety under Trog
  3705 | D:5      | Found a blossoming altar of Fedhas.
  3910 | D:5      | Reached skill level 9 in Axes
  4266 | Temple   | Entered the Ecumenical Temple
  4461 | D:6      | Reached skill level 5 in Dodging
  4598 | D:6      | Reached XP level 8. HP: 67/70 MP: 7/7
  4847 | D:6      | Found a glowing silver altar of Zin.
  4913 | D:6      | Found a runed translucent gate.
  4932 | D:6      | Found a runed translucent gate.
  4932 | D:6      | Found a runed translucent gate.
  4932 | D:6      | Noticed CryoSword's ghost (novice TrMo)
  4933 | D:6      | Identified the +0 chain mail of Ashenzari's Reproof
                  | {Rampage rPois rF- Int+3}
  5390 | D:7      | Noticed a komodo dragon
  5398 | D:7      | Killed a komodo dragon
  5399 | D:7      | Reached skill level 10 in Axes
  5491 | D:7      | Found a radiant altar of Vehumet.
  5523 | D:7      | Reached skill level 11 in Axes
  5628 | D:7      | Reached XP level 9. HP: 77/78 MP: 8/8
  5639 | D:7      | Reached skill level 12 in Axes
  6242 | D:8      | Noticed a centaur warrior
  6252 | D:8      | HP: 3/79 [centaur warrior/arrow (16)]
  6254 | D:8      | Shot with an arrow by a centaur warrior

Illustrated notes

Levels and vault maps discovered:
D:1:      dpeg_arrival_signposts, layout_basic,
          dreamdust_ecumenical_altar_sealed_demon, minivault_5
D:2:      layout_basic
D:3:      layout_rooms, nicolae_overflow_crystal_walls
D:4:      layout_loops_cross, nicolae_overflow_hallway_of_the_gods,
          marbit_many_paths, uniq_natasha
D:5:      layout_basic, minmay_temple_entry_drinking_statues,
          hangedman_feature_mirror, kennysheep_generic_room_9
D:6:      layout_loops_ring, general_overflow_altar, biasface_ghost_orc_armoury
D:7:      layout_cave_pools, vehumet_crystals
D:8:      minmay_diamond_stairs, layout_loops_corners,
          nicolae_hepliaklqana_hippocampus, mainiacjoe_overflow_24_doors,
          david_lair_shrubbed, enter_bailey_5, minmay_small_thing
Temple:   pf_slime_end_temple

Skill      XL: |  1  2  3  4  5  6  7  8  9 |
---------------+----------------------------+-----
Axes           | 4 5 7 8 9 11 12 | 12.2
Armour         | 3 4 5 6 8 |  8.7
Fighting       | 4 5 6 7 |  7.1
Dodging        | 3 4 5 6 7 |  7.3

Action                   |  1- 3 |  4- 6 |  7- 9 || total
-------------------------+-------+-------+-------++-------
Melee: Hand axe          |    81 |       |       ||    81
       Headbutt          |    10 |     8 |    12 ||    30
       Executioner's axe |    29 |    61 |   125 ||   215
Invok: Berserk           |     2 |     3 |     4 ||     9
  Use: Scroll            |     4 |       |    10 ||    14
Armor: Leather armour    |     8 |       |       ||     8
       Scale mail        |     9 |       |       ||     9
       Chain mail        |    61 |    57 |    80 ||   198
Dodge: Dodged            |    63 |    40 |    59 ||   162
